 Dungeon Crawl Stone Soup version 0.21.1-82-gafb53d1173 (webtiles) character file.

0 Revguard the Sneak (level 1, 0/17 HPs)
             Began as a Gnoll Wanderer on July 28, 2018.
             Slain by a kobold
             ... wielding a +0 short sword
              (5 damage)
             ... on level 1 of the Dungeon on Sept 15, 2018.
             The game lasted 00:01:54 (84 turns).

Revguard the Sneak (Gnoll Wanderer)                   Turns: 84, Time: 00:01:54

Health: 0/17       AC:  2    Str: 13    XL:     1   Next: 10%
Magic:  4/4        EV: 11    Int: 13    God:
Gold:   12         SH:  0    Dex: 16    Spells: 4/5 levels left

rFire    . . .     SeeInvis .   b - +0 spear
rCold    . . .     Gourm    .   (no shield)
rNeg     . . .     Faith    .   c - +0 robe
rPois    .         Spirit   .   (no helmet)
rElec    .         Reflect  .   (no cloak)
rCorr    .         Harm     .   (no gloves)
MR       .....                  (no boots)
Stlth    +++.......             (no amulet)
HPRegen  0.05/turn              (no ring)
MPRegen  0.09/turn              (no ring)

@: no status effects
A: distributed training, fangs 1, strong nose
a: no special abilities


You were on level 1 of the Dungeon.
You were not hungry.

You visited 1 branch of the dungeon, and saw 1 of its levels.

You collected 12 gold pieces.

Inventory:

Hand Weapons
 b - a +0 spear (weapon)
 d - a +0 dagger
Missiles
 e - 3 stones (quivered)
Armour
 c - a +0 robe (worn)
Books
 a - a book of Geomancy

   Spells                             Type                      Level
   a - Sandblast                      Earth                        1
   b - Passwall                       Transmutation/Earth          2
   c - Stone Arrow                    Conjuration/Earth            3
   d - Petrify                        Transmutation/Earth          4
   e - Lee's Rapid Deconstruction     Earth                        5
Comestibles
 f - a ration


   Skills:
 + Level 2.3 Fighting
 + Level 0.0 Short Blades
 + Level 0.0 Long Blades
 + Level 0.0 Axes
 + Level 0.0 Maces & Flails
 + Level 0.0 Polearms
 + Level 0.0 Staves
 + Level 0.0 Slings
 + Level 0.0 Bows
 + Level 0.0 Crossbows
 + Level 2.3 Throwing
 + Level 0.0 Armour
 + Level 0.0 Dodging
 + Level 5.8 Stealth
 + Level 0.0 Shields
 + Level 0.0 Unarmed Combat
 + Level 2.6 Spellcasting
 + Level 0.0 Conjurations
 + Level 0.0 Hexes
 + Level 3.6 Charms
 + Level 0.0 Summonings
 + Level 0.0 Necromancy
 + Level 0.0 Translocations
 + Level 0.0 Transmutations
 + Level 0.0 Fire Magic
 + Level 0.0 Ice Magic
 + Level 0.0 Air Magic
 + Level 3.6 Earth Magic
 + Level 0.0 Poison Magic
 + Level 0.0 Invocations
 + Level 0.0 Evocations


You had 4 spell levels left.
You knew the following spells:

 Your Spells              Type           Power        Failure   Level  Hunger
a - Sandblast             Erth           ##....       5%          1    #......


Dungeon Overview and Level Annotations

Branches:
Dungeon (1/15)

Altars:


Innate Abilities, Weirdness & Mutations

Your experience applies equally to all skills.
You have very sharp teeth.
Your uncanny sense of smell can sniff out nearby items.


Message History

You see here a mace.
Found a hand axe.
Unknown command.
You are a level 1 Gnoll Wanderer.
You are 10% of the way to level 2.
Play time: 00:01:44 (72 turns)
A bat comes into view.
A kobold comes into view. It is wielding a short sword.
The bat hits you. The bat closely misses you.
The kobold shouts!
You hear a shout!
The bat hits you but does no damage. The bat hits you.
The bat hits you but does no damage. The bat hits you.
The bat hits you but does no damage. The bat barely misses you.
A hobgoblin comes into view. It is wielding a club.
The kobold completely misses you. The bat hits you.
The kobold hits you with a short sword.
* * * LOW HITPOINT WARNING * * *
The bat hits you but does no damage. The kobold hits you with a short sword.
You die...

.. ..# .. #. #.#
## . #.###.. .#
...
#......###.#.....
#...@)....#
#..#bK##....
#..#....^ .
#####.)#.#.#...
#...#..#.#......
#.#..#.###....
#....#.. ..##
#.).####.##.. #
#............#


You could see a bat and a kobold.

Vanquished Creatures
  A kobold (D:1)
1 creature vanquished.

Notes
Turn   | Place    | Note
-------+----------+-------------------------------------------
     0 | D:1      | Revguard the Gnoll Wanderer began the quest for the Orb.
     0 | D:1      | Revguard set off with: a book of Geomancy, a +0 spear, a +0 robe, a +0 dagger, a ration
     0 | D:1      | Reached XP level 1. HP: 17/17 MP: 4/4
     4 | D:1      | Learned a level 1 spell: Sandblast
    50 | D:1      | Upgraded the game from 0.21.1-1-g345015fe64 to 0.21.1-82-gafb53d1173
    84 | D:1      | Slain by a kobold

Action                   || total
-------------------------++-------
Melee: Spear             ||     5
 Stab: Sleeping          ||     1
Armor: Robe              ||     5
Dodge: Dodged            ||     4
